 Seeded DCSS version 0.29-a0-321-gf1c400731a (webtiles) character file.

Game seed: 14606564475378889005 (custom seed)

190429 rocky1 the Peltast (level 17, -21/165 HPs)
             Began as a Minotaur Fighter on Apr 3, 2022.
             Was the Champion of Okawaru.
             Demolished by an iron troll (40 damage)
             ... on level 1 of the Depths on Apr 4, 2022.
             The game lasted 02:31:50 (32659 turns).

rocky1 the Peltast (Minotaur Fighter)              Turns: 32659, Time: 02:31:51

Health: -21/165    AC: 17    Str: 42    XL:     17   Next: 98%
Magic:  22/24      EV: 11    Int: 11    God:    Okawaru [******]
Gold:   1528       SH: 14    Dex:  8    Spells: 16/16 levels left

rFire   + . .      SeeInvis .   u - +8 mithril axe "Arga" {speed, Will+}
rCold   + + .      Faith    .   l - +0 kite shield of Sif Muna's Delight {rC++ Int+3 Dex-3}
rNeg    + + .      Spirit   .   E - +5 plate armour {rF+}
rPois   +          Reflect  .   v - +2 hat {Int+3}
rElec   +          Harm     .   a - +2 cloak {rCorr}
rCorr   +          Rampage  .   p - +2 pair of gloves
Will    ++++.                   X - +2 pair of boots of Creativity {rElec rPois Str+3}
Stlth   ..........              z - amulet of Cymiqu {rPois rN+ Regen+ Str+3 Slay+2}
HPRegen 1.17/turn               q - +6 ring of strength
MPRegen 0.19/turn               w - ring of Tug Nyoq {rN+ Will++ Str+2}

@: mighty, finesse-ful, corroded, studying 2 skills
A: horns 2, retaliatory headbutt
a: Renounce Religion, Heroism, Finesse, Duel


You were on level 1 of the Depths.
You worshipped Okawaru.
Okawaru was exalted by your worship.
You visited 6 branches of the dungeon, and saw 28 of its levels.
You also visited: Trove, Ossuary and Ice Cave.

You collected 5236 gold pieces.
You spent 3708 gold pieces at shops.

Inventory:

Hand Weapons
 s - a +2 broad axe of flaming
 u - the +8 mithril axe "Arga" (weapon) {speed, Will+}
   (You found it on level 2 of the Dungeon)

   Attacks with this weapon are significantly faster.
   Will:      It increases your willpower.
 S - the +4 broad axe of the Median {freeze, rF+}
   (Okawaru gifted it to you on level 2 of the Lair of Beasts)

   It freezes those it strikes, dealing additional cold damage.
   It can also slow down cold-blooded creatures.
   rF:        It protects you from fire.
 Z - a +3 hand crossbow of freezing
Missiles
 g - 8 javelins
 P - 5 silver javelins
 Q - 5 curare-tipped darts (quivered)
Armour
 a - a +2 cloak of preservation (worn)
 l - the +0 kite shield of Sif Muna's Delight (worn) {rC++ Int+3 Dex-3}
   (You found it on level 10 of the Dungeon)

   Int:       It affects your intelligence (+3).
   Dex:       It affects your dexterity (-3).
   rC:        It greatly protects you from cold.
 p - a +2 pair of gloves (worn)
 v - a +2 hat of intelligence (worn)
 E - a +5 plate armour of fire resistance (worn)
 X - the +2 pair of boots of Creativity (worn) {rElec rPois Str+3}
   (Okawaru gifted it to you on level 11 of the Dungeon)

   Str:       It affects your strength (+3).
   rElec:     It insulates you from electricity.
   rPois:     It protects you from poison.
Jewellery
 q - a +6 ring of strength (left hand)
 w - the ring of Tug Nyoq (right hand) {rN+ Will++ Str+2}
   (You bought it in a shop on level 2 of the Orcish Mines)

   [ring of positive energy]

   Str:       It affects your strength (+2).
   rN:        It protects you from negative energy.
   Will:      It greatly increases your willpower.
 z - the amulet of Cymiqu (around neck) {rPois rN+ Regen+ Str+3 Slay+2}
   (You took it off a deep elf death mage on level 3 of the Elven Halls)

   [amulet of regeneration]

   Str:       It affects your strength (+3).
   Slay:      It affects your accuracy & damage with ranged weapons and melee
   (+2).
   rPois:     It protects you from poison.
   rN:        It protects you from negative energy.
   Regen:     It increases your rate of health regeneration.
Wands
 c - a wand of iceblast (57)
 f - a wand of mindburst (19)
 x - a wand of paralysis (19)
 L - a wand of acid (7)
 M - a wand of digging (30)
Scrolls
 m - 2 scrolls of blinking
 n - 2 scrolls of holy word
 o - 10 scrolls of teleportation
 D - 2 scrolls of silence
 F - 7 scrolls of fog
 J - a scroll of magic mapping
 R - 12 scrolls of fear
 T - 5 scrolls of immolation
Potions
 b - 4 potions of curing
 d - 2 potions of might
 h - 3 potions of flight
 j - 3 potions of cancellation
 k - 4 potions of invisibility
 r - 6 potions of lignification
 t - 4 potions of resistance
 B - a potion of berserk rage
 I - 5 potions of haste
 Y - 5 potions of heal wounds
Miscellaneous
 e - a tin of tremorstones (1/2)
 y - a phial of floods
 K - a lightning rod (4/4)
 N - a condenser vane (inert)


   Skills:
 + Level 18.2 Fighting
 - Level 18.1 Axes
 - Level 12.6 Armour
 - Level 9.3 Dodging
 - Level 2.2 Stealth
 - Level 20.0 Shields
 - Level 11.4 Invocations
 - Level 12.6 Evocations


You had 16 spell levels left.
You didn't know any spells.
Your spell library contained the following spells:

 Spells                   Type           Power      Damage    Failure   Level
 Apportation              Tloc           0%         N/A       88%         1
 Beastly Appendage        Tmut           0%         N/A       88%         1
 Foxfire                  Conj/Fire      0%         2x1d4     88%         1
 Magic Dart               Conj           0%         1d3       88%         1
 Pain                     Necr           0%         1d4       88%         1
 Shock                    Conj/Air       0%         1d3       88%         1
 Corpse Rot               Necr/Air       0%         N/A       96%         2
 Poisonous Vapours        Pois/Air       0%         N/A       96%         2
 Scorch                   Fire           0%         2d5       96%         2
 Searing Ray              Conj           0%         2d4       96%         2
 Static Discharge         Conj/Air       0%         N/A       96%         2
 Sublimation of Blood     Necr           0%         N/A       96%         2
 Wereblood                Tmut           0%         N/A       96%         2
 Conjure Flame            Conj/Fire      0%         6-21      99%         3
 Gell's Gravitas          Tloc           0%         N/A       99%         3
 Ignite Poison            Fire/Tmut/Pois 0%         N/A       99%         3
 Inner Flame              Hex/Fire       0%         N/A       99%         3
 Lesser Beckoning         Tloc           0%         N/A       99%         3
 Mephitic Cloud           Conj/Pois/Air  0%         N/A       99%         3
 Ozocubu's Armour         Ice            0%         N/A       99%         3
 Portal Projectile        Hex/Tloc       0%         N/A       99%         3
 Spider Form              Tmut/Pois      0%         N/A       99%         3
 Stone Arrow              Conj/Erth      0%         3d7       99%         3
 Teleport Other           Tloc           0%         N/A       99%         3
 Vampiric Draining        Necr           0%         2d6       99%         3
 Anguish                  Hex/Necr       0%         N/A       100%        4
 Dispel Undead            Necr           0%         3d6       100%        4
 Flame Wave               Conj/Fire      0%         2d4       100%        4
 Fulminant Prism          Conj/Hex       0%         3d6       100%        4
 Passage of Golubria      Tloc           0%         N/A       100%        4
 Sticky Flame             Conj/Fire      0%         2d3       100%        4
 Agony                    Necr           0%         N/A       100%        5
 Blade Hands              Tmut           0%         N/A       100%        5
 Excruciating Wounds      Necr           0%         N/A       100%        5
 Freezing Cloud           Conj/Ice/Air   0%         6-21      100%        5
 Iskenderun's Battlesphe  Conj           0%         2d6       100%        5
 Lightning Bolt           Conj/Air       0%         1d11      100%        5
 Metabolic Englaciation   Hex/Ice        0%         N/A       100%        5
 Silence                  Hex/Air        0%         N/A       100%        5
 Dispersal                Tloc           0%         N/A       100%        6
 Iron Shot                Conj/Erth      0%         9d1       100%        6
 Starburst                Conj/Fire      0%         6d3       100%        6
 Enfeeble                 Hex            0%         N/A       100%        7
 Borgnjor's Revivificati  Necr           0%         N/A       100%        8
 Ignition                 Fire           0%         3d3       100%        8
 Lehudib's Crystal Spear  Conj/Erth      0%         10d2      100%        8
 Maxwell's Capacitive Co  Air            0%         ∞         100%        8
 Necromutation            Tmut/Necr      0%         N/A       100%        8
 Death's Door             Necr           0%         N/A       100%        9
 Polar Vortex             Ice            0%         N/A       100%        9
 Animate Skeleton         Necr           Unusable   N/A       N/A         1
 Summon Small Mammal      Summ           Unusable   N/A       N/A         1
 Tukima's Dance           Hex            Unusable   N/A       N/A         3
 Animate Armour           Summ/Erth      Unusable   N/A       N/A         4
 Summon Lightning Spire   Summ/Air       Unusable   N/A       N/A         4
 Simulacrum               Ice/Necr       Unusable   N/A       N/A         6
 Malign Gateway           Summ/Tloc      Unusable   N/A       N/A         7
 Spellforged Servitor     Conj/Summ      Unusable   N/A       N/A         7
 Summon Hydra             Summ           Unusable   N/A       N/A         7

Dungeon Overview and Level Annotations

Branches:
Dungeon (15/15)            Temple (1/1) D:6            Lair (6/6) D:9
  Swamp (0/4) Lair:4        Snake (0/4) Lair:4        Slime (0/5) Lair:6
    Orc (2/2) D:11            Elf (3/3) Orc:2        Vaults (0/5) D:13
 Depths (1/4) D:15        Ossuary (visited)           IceCv (visited)

Altars:
Ashenzari
Cheibriados
Dithmenos
Elyvilon
Fedhas
Gozag
Hepliaklqana
Kikubaaqudgha
Makhleb
Nemelex Xobeh
Okawaru
Qazlal
Ru
Sif Muna
Trog
Uskayaw
Vehumet
Wu Jian
Xom
Yredelemnul
Zin
The Shining One
Jiyva

Shops:
D:5 (   D:7 [   D:8 :   Orc:1 *   Orc:2 =!*[   Elf:2 (   Depths:1 !

Portals:
Hell: Lair:6


Innate Abilities, Weirdness & Mutations

You have a pair of horns on your head.
You reflexively headbutt those who attack you in melee.


Message History

The caustic shrike claws you but does no damage.
You feel very mighty all of a sudden. You block the caustic shrike's attack.
The iron troll is struck by lightning.
The caustic shrike is struck by lightning.
The caustic shrike claws you but does no damage.
Unknown command.
You hit the caustic shrike.
The caustic shrike is moderately wounded.
You miss the caustic shrike.
Your headbutt misses the caustic shrike.
The caustic shrike is moderately wounded.
You block the caustic shrike's attack.
You carve the caustic shrike like a turkey!!!
The caustic shrike is severely wounded.
You barely miss the caustic shrike.
Your headbutt misses the caustic shrike.
The caustic shrike is severely wounded.
The caustic shrike claws you.
* * * LOW HITPOINT WARNING * * *
The acid corrodes you!
You are splashed with acid.
You resist.
* * * LOW HITPOINT WARNING * * *
You slash the caustic shrike!
Your headbutt misses the caustic shrike.
The caustic shrike is almost dead.
You slice the caustic shrike!!
You kill the caustic shrike!
Okawaru accepts your kill.
Your lightning rod (4/4) has regained one charge.
Unknown command.
Really walk into that cloud of thunder?
Okay, then.
You hit the iron troll but do no damage.
The iron troll is moderately wounded.
You slash the iron troll!
You headbutt the iron troll, but do no damage.
The iron troll is moderately wounded.
You slash the iron troll!
The iron troll is heavily wounded.
The iron troll is struck by lightning.
The iron troll bites you!!!
You die...

#....# #.##.. .......
#.##.# #.##.. .......
#.##.###.##..
.......######.##......'.<
.......+......##.######..
.......######.##.# #..
....§§. ##.##.# #..
....§§§#####..##.# #..
#.§§TT@.....##.# #..
#.§§§#####.###.# #..
#.§§. #.# #.# #.. #.§..
#.###.# #.. #.... #.....#
#..
#....#####..##.######..
#....+......##......'..
#....#####..#########..
#..# #..


You could see 2 iron trolls.

Vanquished Creatures
  5 caustic shrikes (Depths:1)
  2 deep elf blademasters (Elf:3)
  2 deep elf master archers (Elf:3)
  Donald (Elf:2)
  A fire giant (Depths:1)
  4 deep elf sorcerers
  4 deep elf elementalists
  6 very ugly things (Depths:1)
  A stone giant (Depths:1)
  Nessos (D:12)
  A white draconian (IceCv)
  7 deep elf annihilators
  7 deep elf demonologists
  2 ettins
  5 deep elf death magi (Elf:3)
  Snorg (D:10)
  2 fire dragons
  Fannar (D:11)
  2 deep elf high priests (Elf:3)
  A rakshasa (D:12)
  4 hydras
  2 boulder beetles
  A vault guard (D:13)
  A catoblepas (Lair:2)
  A spriggan air mage (Depths:1)
  5 two-headed ogres
  Erica (D:8)
  A death knight (D:11)
  3 ice dragons (Depths:1)
  2 centaur warriors (D:13)
  2 death yaks
  A tengu warrior (D:14)
  26 dancing weapons
  A deep troll shaman (Depths:1)
  5 orc high priests
  2 spriggan berserkers (Depths:1)
  A sun demon (Lair:6)
  18 deep elf knights
  A spriggan (Depths:1)
  An iron troll (shapeshifter) (D:8)
  3 skeletal warriors
  Amaemon (Lair:2)
  A glowing orange brain (shapeshifter) (Depths:1)
  2 cherubim (D:14)
  The ghost of IdlyInterested the Carver, a novice DsGl (D:6)
  An orange crystal statue (Elf:3)
  A phantasmal warrior (D:15)
  2 wizards
  An orc sorcerer (Orc:2)
  12 deep elf archers
  5 lindwurms
  3 necromancers
  An orc knight (Orc:1)
  22 deep elf pyromancers
  11 ugly things
  27 deep elf zephyrmancers
  A salamander (shapeshifter) (D:14)
  8 cyclopes
  5 elephants (Lair:5)
  3 manticores
  A guardian serpent (shapeshifter) (Elf:1)
  Joseph (D:8)
  6 black mambas
  A torpor snail (Lair:4)
  A gargoyle (D:10)
  A frost giant skeleton (D:15)
  2 ice statues (IceCv)
  An orange demon (Lair:2)
  A smoke demon (Lair:6)
  An iron dragon skeleton (D:15)
  22 cane toads
  3 unseen horrors
  An efreet (D:14)
  9 rime drakes
  A rime drake (shapeshifter) (Elf:2)
  A kobold demonologist (D:13)
  3 freezing wraiths (D:11)
  13 komodo dragons
  2 tengu conjurers (D:10)
  3 red devils (Lair:6)
  2 ice devils (Lair:6)
  6 trolls
  5 polar bears
  2 hornets
  12 blink frogs
  A spriggan zombie (D:15)
  22 slime creatures
  An ettin zombie (D:15)
  4 air elementals
  A centaur simulacrum (D:10)
  A vampire (D:12)
  5 water elementals
  A wraith (D:13)
  60 yaks
  2 shadows
  3 fire elementals
  19 humans (D:13)
  3 wyverns
  5 basilisks
  15 vampire mosquitoes
  2 wargs
  3 steam dragons
  A death yak simulacrum (Lair:5)
  2 nagas (Lair:4)
  A water moccasin (shapeshifter) (Elf:3)
  8 water moccasins
  An acid dragon (D:11)
  5 hell hounds (Lair:6)
  32 orc warriors
  3 ice beasts
  2 sky beasts
  5 black bears
  7 ogres
  19 wolves
  3 centaurs
  3 kobold brigands
  3 elf zombies (Ossuary)
  A necrophage (D:7)
  8 bullfrogs
  2 gnoll sergeants (D:9)
  7 scorpions
  17 wights
  A lindwurm simulacrum (IceCv)
  17 killer bees
  An electric eel (D:7)
  2 howler monkeys
  A hound (D:5)
  A human zombie (Ossuary)
  4 jellies
  7 komodo dragon simulacra (IceCv)
  27 orc priests
  8 iguanas
  29 orc wizards
  7 hell rats (Lair:1)
  A polar bear simulacrum (Lair:5)
  2 wolf simulacra (Lair:5)
  2 mummies (Ossuary)
  14 gnolls
  5 acid dragon simulacra (IceCv)
  14 adders
  2 shadow imps (D:8)
  3 white imps
  4 ufetubi
  8 steam dragon simulacra (IceCv)
  2 adder zombies (Ossuary)
  2 worms
  2 dart slugs (D:1)
  73 orcs
  11 ball pythons
  11 endoplasms
  5 giant cockroaches
  5 goblins
  7 hobgoblins
  8 kobolds
  6 quokkas
  3 training dummies (D:5)
  3 bats
  3 frilled lizards
  A goblin zombie (Ossuary)
  11 hobgoblin zombies (Ossuary)
  A jackal zombie (Ossuary)
  11 kobold zombies (Ossuary)
  4 orc zombies (Ossuary)
  9 rats
  3 rat zombies (Ossuary)
966 creatures vanquished.

Vanquished Creatures (others)
  A rime drake (IceCv)
  An orc (D:4)
  43 fungi
  66 plants
  A withered plant (D:15)
112 creatures vanquished.

Grand Total: 1078 creatures vanquished

Notes
Turn   | Place    | Note
-------+----------+-------------------------------------------
     0 | D:1      | rocky1 the Minotaur Fighter began the quest for the Orb.
     0 | D:1      | Reached XP level 1. HP: 19/19 MP: 0/0
   179 | D:1      | Reached XP level 2. HP: 26/26 MP: 1/1
   256 | D:1      | Found a faded altar of an unknown god.
   270 | D:1      | Reached skill level 4 in Shields
   575 | D:1      | Reached XP level 3. HP: 29/31 MP: 2/2
   779 | D:2      | You fall into a shaft and drop 1 floor!
  1211 | D:2      | Reached XP level 4. HP: 39/39 MP: 3/3
  1439 | D:2      | Found the +8 mithril axe "Arga" {speed, Will+}
  2131 | D:4      | Reached skill level 5 in Axes
  2139 | D:4      | Noticed a black bear
  2152 | D:4      | Killed a black bear
  2153 | D:4      | Reached skill level 5 in Shields
  2153 | D:4      | Reached XP level 5. HP: 36/45 MP: 4/4
  2251 | D:4      | Reached XP level 6. HP: 42/51 MP: 5/5
  2317 | D:4      | Found a sand-covered staircase.
  2332 | Ossuary  | Entered an ossuary
  2494 | Ossuary  | Reached skill level 6 in Shields
  2592 | Ossuary  | Reached XP level 7. HP: 50/57 MP: 6/6
  2923 | D:4      | Reached skill level 7 in Shields
  3122 | D:4      | Found a glowing silver altar of Zin.
  3388 | D:4      | Noticed a steam dragon
  3392 | D:4      | Killed a steam dragon
  3393 | D:4      | Reached XP level 8. HP: 38/64 MP: 7/7
  3700 | D:4      | Reached skill level 10 in Axes
  3998 | D:5      | Entered Level 5 of the Dungeon
  4276 | D:5      | Reached skill level 8 in Shields
  4416 | D:5      | Found Junemnigh's Firing Range.
  5067 | D:5      | Identified the +0 buckler of Clean Joy {rC+}
  5590 | D:6      | Found a hazy altar of Hepliaklqana.
  5671 | D:6      | Found Feroe's Magic Scroll Emporium.
  5688 | D:6      | Reached XP level 9. HP: 59/70 MP: 8/8
  5706 | D:6      | Bought a scroll of teleportation for 39 gold pieces
  5706 | D:6      | Bought a scroll of fog for 26 gold pieces
  5706 | D:6      | Bought a scroll of identify for 26 gold pieces
  5706 | D:6      | Bought a scroll of enchant weapon for 97 gold pieces
  5706 | D:6      | Bought a scroll of identify for 26 gold pieces
  5706 | D:6      | Bought a scroll of fog for 26 gold pieces
  5706 | D:6      | Bought a scroll of noise for 13 gold pieces
  5854 | D:6      | Reached skill level 9 in Shields
  6039 | D:6      | Found a staircase to the Ecumenical Temple.
  6056 | D:6      | Identified the +3 scale mail of Lollura {Regen+}
  6076 | Temple   | Entered the Ecumenical Temple
  6332 | Temple   | Became a worshipper of Warmaster Okawaru
  6546 | D:6      | Found a runed translucent door.
  6546 | D:6      | Noticed IdlyInterested's ghost (novice DsGl)
  6562 | D:6      | Killed IdlyInterested's ghost
  6563 | D:6      | Reached skill level 1 in Dodging
  6563 | D:6      | Reached skill level 1 in Invocations
  6563 | D:6      | Reached skill level 1 in Evocations
  6963 | D:7      | Killed an unseen horror
  6963 | D:7      | Reached * piety under Okawaru
  7224 | D:7      | Noticed a two-headed ogre
  7231 | D:7      | Killed a two-headed ogre
  7231 | D:7      | Reached ** piety under Okawaru
  7232 | D:7      | Reached skill level 5 in Fighting
  7232 | D:7      | Reached skill level 5 in Armour
  7232 | D:7      | Reached XP level 10. HP: 69/81 MP: 10/10
  7282 | D:7      | Found Reaniem's Armour Shop.
  7414 | D:7      | Found a white marble altar of Elyvilon.
  7451 | D:7      | Found a blossoming altar of Fedhas.
  7674 | D:8      | Found a shimmering blue altar of Sif Muna.
  7679 | D:8      | Reached skill level 10 in Shields
  7815 | D:8      | Noticed a boulder beetle
  7854 | D:8      | Killed a boulder beetle
  7860 | D:8      | Reached *** piety under Okawaru
  7867 | D:8      | Noticed a death drake
  8069 | D:8      | Noticed Erica
  8078 | D:8      | Killed Erica
  8380 | D:8      | Noticed Joseph
  8394 | D:8      | Killed Joseph
  8394 | D:8      | Reached **** piety under Okawaru
  8397 | D:8      | Noticed a two-headed ogre
  8406 | D:8      | Killed a two-headed ogre
  8407 | D:8      | Reached skill level 11 in Shields
  8407 | D:8      | Found Fehiuq's Self-Improvement Boutique.
  8412 | D:8      | Reached ***** piety under Okawaru
  8413 | D:8      | Reached skill level 5 in Invocations
  8529 | D:8      | Received a gift from Okawaru
  8530 | D:8      | Reached XP level 11. HP: 86/86 MP: 13/13
  8778 | D:8      | Got Sif Muna's Volume of Changing
  8831 | D:8      | Noticed an iron troll
  8845 | D:8      | Killed an iron troll
  9210 | D:9      | Reached skill level 5 in Evocations
  9231 | D:9      | Found a broken altar of Ashenzari.
  9302 | D:9      | Identified 2 scrolls of acquirement
  9303 | D:9      | Acquired 962 gold pieces
  9596 | D:9      | Found a snail-covered altar of Cheibriados.
  9706 | D:9      | Found a hide-covered altar of Uskayaw.
  9711 | D:9      | Found a staircase to the Lair.
 10014 | D:10     | Entered Level 10 of the Dungeon
 10066 | D:10     | Noticed a two-headed ogre
 10080 | D:10     | Killed a two-headed ogre
 10311 | D:10     | Identified the +0 kite shield of Sif Muna's Delight {rC++
                  | Int+3 Dex-3}
 10453 | D:10     | Found a large runed translucent door.
 10454 | D:10     | Found a large runed translucent door.
 10485 | D:10     | Noticed a death yak
 10492 | D:10     | Killed a death yak
 10493 | D:10     | Reached skill level 5 in Dodging
 10632 | D:10     | Noticed Snorg
 10642 | D:10     | Killed Snorg
 10643 | D:10     | Reached XP level 12. HP: 86/100 MP: 16/16
 11128 | D:10     | Found an ornate altar of the Wu Jian Council.
 11136 | D:10     | Found a radiant altar of Vehumet.
 11224 | D:11     | Noticed a two-headed ogre
 11231 | D:11     | Killed a two-headed ogre
 11318 | D:11     | Noticed a death knight
 11334 | D:11     | Killed a death knight
 11385 | D:11     | Noticed Fannar
 11398 | D:11     | Identified the +2 pair of boots of Creativity {rElec rPois
                  | Str+3} (Okawaru gifted it to you on level 11 of the
                  | Dungeon)
 11398 | D:11     | Received a gift from Okawaru
 11412 | D:11     | Killed Fannar
 11605 | D:11     | Found a staircase to the Orcish Mines.
 12032 | D:12     | Noticed a two-headed ogre
 12033 | D:12     | Found a large runed translucent door.
 12033 | D:12     | Found a large runed translucent door.
 12038 | D:12     | Killed a two-headed ogre
 12039 | D:12     | Noticed a six-headed hydra
 12043 | D:12     | Found a large runed translucent door.
 12043 | D:12     | Found a large runed translucent door.
 12143 | D:12     | Noticed Nessos
 12151 | D:12     | Killed Nessos
 12361 | D:12     | Noticed a four-headed hydra
 12371 | D:12     | Killed a one-headed hydra
 12402 | D:12     | Reached XP level 13. HP: 76/111 MP: 18/18
 12499 | D:12     | Identified the +5 scimitar of Howaal {speed, rPois}
 12503 | D:12     | Acquired a +2 cloak of preservation
 12649 | D:12     | Identified the +8 falchion of Psychosis {chaos, rElec Str+4
                  | Int+4 SInv}
 12966 | D:11     | Reached ****** piety under Okawaru
 13058 | D:7      | Bought a +1 plate armour of willpower for 525 gold pieces
 13342 | Lair:1   | Entered Level 1 of the Lair of Beasts
 13888 | Lair:1   | Received a gift from Okawaru
 13999 | Lair:1   | Reached skill level 10 in Fighting
 13999 | Lair:1   | Reached skill level 10 in Armour
 14667 | Lair:2   | Noticed Amaemon
 14685 | Lair:2   | Killed Amaemon
 14950 | Lair:2   | Identified the +4 broad axe of the Median {freeze, rF+}
                  | (Okawaru gifted it to you on level 2 of the Lair of Beasts)
 14950 | Lair:2   | Received a gift from Okawaru
 15753 | Lair:3   | Acquired a manual of Shields
 15898 | Lair:3   | Reached skill level 12 in Shields
 16306 | Lair:4   | Identified the +0 kite shield of Zuxtiyh {Int+3} (Okawaru
                  | gifted it to you on level 4 of the Lair of Beasts)
 16306 | Lair:4   | Received a gift from Okawaru
 16348 | Lair:4   | Reached XP level 14. HP: 119/121 MP: 20/20
 16353 | Lair:4   | Found a staircase to the Swamp.
 16386 | Lair:4   | Found a staircase to the Snake Pit.
 16621 | Lair:4   | Reached skill level 10 in Invocations
 17175 | Lair:5   | Found a frozen archway.
 17184 | IceCv    | Entered an ice cave
 17372 | IceCv    | Reached skill level 13 in Shields
 17861 | IceCv    | Identified the amulet of the Doge {RegenMP rElec rF- Dex+3}
 18611 | Lair:5   | Found the +8 longbow "Zephyr" {speed, Dex+3 SInv}
 18627 | Lair:5   | Reached skill level 15 in Axes
 18639 | Lair:5   | Identified the ring of Zin's Whim {Drain rElec Will+ Str+3
                  | Int+6}
 18873 | Lair:6   | Entered Level 6 of the Lair of Beasts
 18889 | Lair:6   | Reached skill level 14 in Shields
 19065 | Lair:6   | Reached skill level 10 in Evocations
 19078 | Lair:6   | Reached skill level 1 in Stealth
 19153 | Lair:6   | Identified the +8 war axe of Departure {vorpal, rElec rF+
                  | Stlth+} (Okawaru gifted it to you on level 6 of the Lair of
                  | Beasts)
 19153 | Lair:6   | Received a gift from Okawaru
 19411 | Lair:6   | Found a staircase to the Slime Pits.
 19411 | Lair:6   | Found a viscous altar of Jiyva.
 19693 | Lair:6   | Found a burning altar of Makhleb.
 20029 | Lair:6   | Found a gateway to Hell.
 20564 | Orc:1    | Entered Level 1 of the Orcish Mines
 20885 | Orc:2    | Entered Level 2 of the Orcish Mines
 20930 | Orc:2    | Reached skill level 15 in Shields
 21031 | Orc:2    | Received a gift from Okawaru
 21499 | Orc:2    | Reached XP level 15. HP: 118/127 MP: 22/22
 21530 | Orc:2    | Found Nazaz Pistresh's Armour Shop.
 21530 | Orc:2    | Found Mimeuvuqe's Jewellery Boutique.
 21530 | Orc:2    | Found Soss's Distillery.
 21543 | Orc:2    | Identified the +8 chain mail of Goaskom {rN++} (Okawaru
                  | gifted it to you on level 2 of the Orcish Mines)
 21543 | Orc:2    | Received a gift from Okawaru
 21559 | Orc:2    | Found Peebb's General Store.
 22076 | Orc:2    | Bought the ring of Tug Nyoq {rN+ Will++ Str+2} for 712 gold
                  | pieces
 22078 | Orc:2    | Bought a +2 plate armour of fire resistance for 440 gold
                  | pieces
 22080 | Orc:2    | Bought a potion of might for 48 gold pieces
 22080 | Orc:2    | Bought 2 potions of heal wounds for 120 gold pieces
 22080 | Orc:2    | Bought a potion of might for 48 gold pieces
 22080 | Orc:2    | Bought a potion of curing for 36 gold pieces
 22082 | Orc:2    | Bought 4 curare-tipped darts for 31 gold pieces
 22082 | Orc:2    | Bought a scroll of fear for 45 gold pieces
 22179 | Orc:2    | Found a staircase to the Elven Halls.
 22609 | Elf:1    | Entered Level 1 of the Elven Halls
 22627 | Elf:1    | Reached skill level 16 in Shields
 22869 | Elf:1    | Paralysed by an air elemental for 1 turns
 22873 | Elf:1    | Paralysed by an air elemental for 1 turns
 22991 | Elf:1    | Reached skill level 17 in Shields
 23121 | Elf:1    | Reached skill level 18 in Shields
 23534 | Elf:1    | Noticed a deep elf sorcerer
 23543 | Elf:1    | Killed a deep elf sorcerer
 23544 | Elf:1    | Reached skill level 19 in Shields
 23896 | Elf:1    | Received a gift from Okawaru
 24150 | Elf:1    | Got the Incunabulum of Success
 24187 | Elf:1    | Noticed a deep elf sorcerer
 24196 | Elf:1    | Killed a deep elf sorcerer
 24291 | Elf:1    | Acquired 514 gold pieces
 24892 | Elf:2    | Paralysed by an air elemental for 1 turns
 24921 | Elf:2    | Identified the +4 broad axe of the Six Ships {protect, rF-
                  | Will+ Str+6 Dex+8} (Okawaru gifted it to you on level 2 of
                  | the Elven Halls)
 24921 | Elf:2    | Received a gift from Okawaru
 25080 | Elf:2    | Identified the ring "Pagug" {Contam Fly Int+7}
 25085 | Elf:2    | Found Piduref's Antique Weapon Shop.
 25111 | Elf:2    | Noticed Donald
 25123 | Elf:2    | Killed Donald
 25245 | Elf:2    | Found a runed translucent gate.
 25245 | Elf:2    | Found a runed translucent gate.
 25245 | Elf:2    | Found a runed translucent gate.
 25361 | Elf:2    | Reached XP level 16. HP: 138/138 MP: 23/23
 25677 | Elf:2    | Upgraded the game from 0.29-a0-320-g9f8742066b to
                  | 0.29-a0-321-gf1c400731a
 25971 | Elf:2    | Received a gift from Okawaru
 26541 | Elf:3    | Entered Level 3 of the Elven Halls
 26663 | Elf:3    | Identified the +0 scale mail of Incorporation {rPois Str+2
                  | Int+3} (Okawaru gifted it to you on level 3 of the Elven
                  | Halls)
 26663 | Elf:3    | Received a gift from Okawaru
 27648 | Elf:3    | Reached skill level 20 in Shields
 27937 | Elf:3    | Paralysed by an air elemental for 1 turns
 28454 | Elf:3    | Noticed a deep elf master archer
 28463 | Elf:3    | Killed a deep elf master archer
 28756 | Elf:3    | Identified the +11 long sword of Winter {protect, Will+
                  | SInv}
 28945 | Elf:3    | Identified the ring "Edir" {Fly rPois EV+4}
 28945 | Elf:3    | Noticed a deep elf blademaster
 28945 | Elf:3    | Identified the amulet of Cymiqu {rPois rN+ Regen+ Str+3
                  | Slay+2}
 28970 | Elf:3    | Killed a deep elf blademaster
 29060 | Elf:3    | Identified the +8 rapier "Ofal Ank" {vorpal, rF+ Stlth+}
 29062 | Elf:3    | Noticed a Hell Sentinel
 29062 | Elf:3    | Identified the +1 chain mail of Marbles {Rampage Will+}
 29067 | Elf:3    | Noticed a deep elf blademaster
 29083 | Elf:3    | Killed a deep elf blademaster
 29085 | Elf:3    | Identified the +8 trident "Ezookil" {distort, rC+ Int+5}
 29092 | Elf:3    | Identified the +5 war axe of Nengaime {pain, rF+ Will+}
                  | (Okawaru gifted it to you on level 3 of the Elven Halls)
 29092 | Elf:3    | Received a gift from Okawaru
 29272 | Elf:3    | Reached XP level 17. HP: 99/149 MP: 24/24
 29298 | Elf:3    | Identified the +10 hand axe of Growth {antimagic, Stlth+}
 29559 | Elf:3    | Noticed a deep elf master archer
 29570 | Elf:3    | Killed a deep elf master archer
 29676 | Elf:3    | Got the Compendium of Torrid Stones
 29694 | Elf:3    | Found the +9 heavy crossbow "Sniper" {vorpal, Acc+∞ SInv}
 29710 | Elf:3    | Got Sif Muna's Almanac of Aerial Flames
 29715 | Elf:3    | Identified the +2 pair of boots of Love and Death {Stlth+}
 29878 | Orc:1    | Found Zoblat's Assorted Antiques.
 29986 | Orc:1    | Bought a scroll of fear for 91 gold pieces
 29986 | Orc:1    | Bought a wand of iceblast (5) for 104 gold pieces
 29986 | Orc:1    | Bought a potion of heal wounds for 130 gold pieces
 30259 | D:8      | Bought a manual of Dodging for 960 gold pieces
 30976 | D:13     | Found a gate to the Vaults.
 30986 | D:13     | Received a gift from Okawaru
 31494 | D:14     | Reached skill level 15 in Fighting
 31708 | D:15     | Entered Level 15 of the Dungeon
 31708 | D:15     | Found a staircase to the Depths.
 31788 | Depths:1 | Entered Level 1 of the Depths
 32059 | Depths:1 | Found Apriv's Distillery.
 32067 | Depths:1 | Bought a potion of curing for 45 gold pieces
 32067 | Depths:1 | Bought a potion of curing for 45 gold pieces
 32067 | Depths:1 | Bought a potion of heal wounds for 75 gold pieces
 32174 | Depths:1 | Found a shimmering altar of Xom.
 32184 | Depths:1 | Found a shimmering altar of Xom.
 32184 | Depths:1 | Found a shimmering altar of Xom.
 32228 | Depths:1 | Found a shimmering altar of Xom.
 32333 | Depths:1 | Found a portal to a secret trove of treasure.
 32437 | Depths:1 | You paid a toll of 17 potions of curing to enter a treasure
                  | trove
 32438 | Trove    | Entered a treasure trove
 32608 | Depths:1 | Noticed a caustic shrike
 32608 | Depths:1 | Noticed a caustic shrike
 32608 | Depths:1 | Noticed a caustic shrike
 32608 | Depths:1 | Noticed a caustic shrike
 32609 | Depths:1 | Noticed a caustic shrike
 32626 | Depths:1 | Killed a caustic shrike
 32635 | Depths:1 | Killed a caustic shrike
 32638 | Depths:1 | Killed a caustic shrike
 32643 | Depths:1 | Killed a caustic shrike
 32654 | Depths:1 | Killed a caustic shrike
 32659 | Depths:1 | Demolished by an iron troll

Illustrated notes

Levels and vault maps discovered:
D:1:      lightli_arrival_quake, layout_rooms, serial_glass, glass_columns_b,
          glass_columns_a, glass_columns_b, glass_columns_b, glass_columns_a,
          glass_columns_a, glass_columns_a, glass_columns_a, glass_columns_c,
          glass_columns_a, glass_columns_b, glass_columns_c, glass_columns_b,
          glass_columns_b, basic_ecumenical_altar
D:2:      layout_basic, corexii_item_surrounded_by_moat
D:3:      layout_rooms
D:4:      minmay_razor_zed, layout_basic, mainiacjoe_overflow_catwalk,
          nicolae_ossuary_entry_monument, nzn_random_ring
D:5:      layout_loops_corners, nicolae_shop_firing_range
D:6:      layout_loops_corners, mainiacjoe_overflow_small_starburst,
          minmay_temple_entry_glass, serial_shops, nicolae_stop_n_shop_1,
          ebering_ghost_sewer_d, minivault_23
D:7:      layout_cave_pools, mainiacjoe_overflow_catch_the_wave, serial_shops,
          nicolae_shop_waterfront, kennysheep_decorative_pillar
D:8:      hangedman_cross_stitches, layout_basic, led_sif_book,
          minmay_misc_feat_five, nicolae_shop_self_help, uniq_erica, uniq_joseph
D:9:      nicolae_cairo_tiling_large, layout_rooms,
          mainiacjoe_overflow_boulevard,
          mainiacjoe_overflow_concentric_impassable, nicolae_ashenzari_skybound,
          grunt_lair_entry_orc_guard_hut
D:10:     layout_layer_cave, jmf_multi_god_temple2, serial_ice, serial_ice_o,
          serial_ice_i, serial_ice_m, serial_ice_a, serial_ice_b, serial_ice_d,
          serial_ice_f, serial_ice_e, serial_ice_h, serial_ice_g, uniq_snorg
D:11:     minmay_inside_and_out, layout_loops_ring, orc_0_dummy, uniq_fannar
D:12:     layout_small_grid, minmay_hollow_rounded_squares, uniq_nessos
D:13:     layout_basic, grunt_vaults_entry_tiered
D:14:     layout_cave_pools, pf_eden
D:15:     gammafunk_depths_entry_grave, layout_irregular_city,
          nemelex_spade_bored_becter
Temple:   hc_temple_tempest_star
Lair:1:   layout_chaotic_city, grunt_megastairs_3
Lair:2:   layout_regular_city, serial_bayou_shore_b, lemuel_fruit_fields,
          uniq_amaemon
Lair:3:   layout_concentric_octagons, grunt_megastairs_4
Lair:4:   layout_hall_layers, swamp_mist, guppyfry_snake_entry_island
Lair:5:   layout_cave_shapes, portal_ice_cave_entry_ice_simulacra,
          minmay_lindwurm_lava
Lair:6:   evil_forest, layout_regular_city, slime_altar_1, lemuel_fruit_tree
Orc:1:    layout_caves, serial_shops,
          nicolae_shop_temple_entry_statues_fountains
Orc:2:    st_orc_mages, layout_caves
Elf:1:    eino_elf_arrival_sip, layout_geoelf_diagonals, minmay_elf_sorcery,
          grunt_megastairs_5
Elf:2:    elven_hall_of_blades_hangedman_original [nicolae_blade_tridents],
          layout_geoelf_octagon, serial_shops, nicolae_shop_hallway_stairs,
          minivault_24, uniq_donald
Elf:3:    elf_hall, layout_geoelf_castle, minivault_16
Depths:1: layout_gridlike, enter_ziggurat_a, xom_redecorated, hellmouth_1,
          abyss_entry_crystal, serial_shops, shop, enter_trove_1,
          kennysheep_four_rooms

Skill      XL: |  1  2  3  4  5  6  7  8  9 10 11 12 13 14 15 16 17 |
---------------+----------------------------------------------------+-----
Axes           | 3 4 5 6 7 9 11 12 13 14 15 16 18 | 18.1
Shields        | 4 5 6 7 8 9 11 12 15 19 20 | 20.0
Fighting       | 5 7 9 10 11 13 18 | 18.2
Armour         | 5 7 9 10 12 | 12.6
Dodging        | 3 5 7 9 |  9.3
Invocations    | 2 5 6 8 9 11 | 11.4
Evocations     | 2 4 6 7 9 10 11 12 | 12.6
Stealth        | 2 |  2.2

Action                   |  1- 3 |  4- 6 |  7- 9 | 10-12 | 13-15 | 16-18 || total
-------------------------+-------+-------+-------+-------+-------+-------++-------
Melee: War axe           |    83 |     7 |       |       |       |       ||    90
       Headbutt          |    16 |    14 |    24 |    97 |   204 |   139 ||   494
       Broad axe         |       |   111 |   157 |   468 |  1051 |   692 ||  2479
       Hand axe          |       |       |       |     7 |     6 |       ||    13
Throw: Javelin           |       |       |     1 |       |       |       ||     1
       Dart              |       |       |       |     1 |       |       ||     1
Invok: Heroism           |       |       |       |     5 |     7 |     7 ||    19
       Finesse           |       |       |       |     3 |     3 |     6 ||    12
Evoke: Wand              |       |       |       |     1 |       |       ||     1
       Condenser vane    |       |       |       |       |     1 |     3 ||     4
       Lightning rod     |       |       |       |       |       |     1 ||     1
       Tin of tremorston |       |       |       |       |       |     1 ||     1
  Use: Potion            |       |       |     1 |     1 |     2 |     6 ||    10
       Scroll            |       |       |       |    18 |    21 |     5 ||    44
Armor: Scale mail        |    35 |     7 |    15 |   121 |    24 |       ||   202
       Ring mail         |       |    17 |    16 |       |       |       ||    33
       Plate armour      |       |       |       |       |   317 |   194 ||   511
Dodge: Dodged            |    29 |    30 |    40 |   154 |   250 |    88 ||   591
Block: Buckler           |    25 |    18 |    21 |   118 |    59 |       ||   241
       Kite shield       |       |       |       |       |   350 |   246 ||   596
       Reflection        |       |       |       |       |    12 |    38 ||    50

Table legend: (Time is in decaauts)
 A = Elapsed time spent in this place.
 B = Non-inter-level travel time spent in this place.
 C = Inter-level travel time spent in this place.
 D = Time resting spent in this place.
 E = Time spent auto-exploring this place.
 F = Levels seen in this place.
 G = Mean time per level.
                   A        B        C        D        E       F      G
               +--------+--------+--------+--------+--------+-----+--------+
         Total |  31764 |  30068 |   1696 |   7005 |  14698 |  31 | 1024.6 |
       Dungeon |  14074 |  12861 |   1213 |   1526 |   8265 |  15 |  938.3 |
        Temple |    360 |    286 |     74 |      0 |    234 |   1 |  360.0 |
          Lair |   6135 |   5949 |    186 |    842 |   3666 |   6 | 1022.5 |
  Orcish Mines |   2252 |   2201 |     51 |    849 |    716 |   2 | 1126.0 |
   Elven Halls |   6999 |   6828 |    171 |   3207 |   1421 |   3 | 2333.0 |
        Depths |    721 |    721 |      0 |     81 |    202 |   1 |  721.0 |
         Trove |     65 |     65 |      0 |      0 |      0 |   1 |   65.0 |
       Ossuary |    326 |    326 |      0 |     90 |      0 |   1 |  326.0 |
      Ice Cave |    829 |    829 |      0 |    410 |    193 |   1 |  829.0 |
               +--------+--------+--------+--------+--------+-----+--------+

Top non-repeatable levels by time:
   Elf:3: 3168 daAuts
   Elf:2: 2151 daAuts
     D:4: 1685 daAuts
   Elf:1: 1679 daAuts
     D:8: 1530 daAuts
   Orc:2: 1527 daAuts
  Lair:6: 1468 daAuts
     D:6: 1342 daAuts
    D:10: 1207 daAuts
     D:5: 1096 daAuts
  Lair:3: 1000 daAuts
  Lair:1: 987 daAuts
    D:11: 956 daAuts
     D:7: 943 daAuts
     D:9: 940 daAuts
